 Dungeon Crawl Stone Soup version 0.18.1-8-gdd0e5ea (webtiles) character file.

40 juanjsm the Sneak (level 3, 0/16 HPs)
             Began as a Spriggan Enchanter on June 1, 2016.
             Succumbed to Robin's poison
             ... on level 1 of the Dungeon.
             The game lasted 00:05:00 (1464 turns).

juanjsm the Sneak (Spriggan Enchanter)              Turns: 1464, Time: 00:05:00

Health: 0/16       AC:  3    Str:  1 (4)  XL:     3   Next: 30%
Magic:  6/8        EV: 18    Int: 14 (17) God:
Gold:   45         SH:  0    Dex: 14 (16) Spells: 3 memorised, 2 levels left

rFire  . . .     SeeInvis +     a - +1 dagger
rCold  . . .     Gourm    .     b - +1 robe
rNeg   . . .     Faith    .     (shield restricted)
rPois  .         Spirit   .     (helmet restricted)
rElec  .         Dismiss  .     (no cloak)
rCorr  .         Reflect  .     (gloves unavailable)
SustAt .         Harm     .     (boots unavailable)
MR     .....                    (no amulet)
Stlth  +++.......               (no ring)
                                (no ring)

@: lethally poisoned (0 -> -20), very quick, not resistant to hostile
enchantments, fairly stealthy
A: unfitting armour, see invisible, herbivore 3, speed 3, slow metabolism 2
a: no special abilities


You were on level 1 of the Dungeon.
You were not hungry.

You visited 1 branch of the dungeon, and saw 2 of its levels.

You collected 45 gold pieces.

Inventory:

Hand Weapons
 a - a +1 dagger (weapon)
 n - a +2 whip of venom
 o - a +0 antimagic dagger
Armour
 b - a +1 robe (worn)
Scrolls
 f - 3 scrolls of teleportation {unknown}
 g - a scroll of recharging {unknown}
 k - a scroll of amnesia {unknown}
 l - 4 scrolls of identify {unknown}
 m - a scroll of fog {unknown}
Potions
 e - a potion of curing {unknown}
 h - a potion of degeneration
 i - a potion of lignification {unknown}
 j - a potion of heal wounds {unknown}
Books
 c - a book of Maledictions

   Spells                             Type                      Level
   a - Corona                         Hexes                        1
   b - Ensorcelled Hibernation        Hexes/Ice                    2
   c - Confuse                        Hexes                        3
   d - Tukima's Dance                 Hexes                        3
   e - Dazzling Spray                 Conjuration/Hexes            3
Comestibles
 d - 2 bread rations


   Skills:
 + Level 1.2 Short Blades
 + Level 3.8 Dodging
 + Level 5.1 Stealth
 + Level 3.4 Spellcasting
 + Level 3.8 Hexes
 + Level 0.2 Ice Magic


You had 2 spell levels left.
You knew the following spells:

 Your Spells              Type           Power        Failure   Level  Hunger
a - Corona                Hex            ##.....      4%          1    #......
b - Ensorcelled Hibernat  Hex/Ice        #.....       17%         2    ##.....
c - Confuse               Hex            ##......     14%         3    ###....


Dungeon Overview and Level Annotations

Branches:
Dungeon (2/15)

Altars:

Annotations:
D:2 Robin


Innate Abilities, Weirdness & Mutations

You are tiny and cannot use many weapons and most armour.
You have supernaturally acute eyesight.
You are a herbivore.
You cover ground extremely quickly.
You need consume almost no food.


Message History

There is a stone staircase leading down here.
Casting: Ensorcelled Hibernation
Confirm with . or Enter, or press ? or * to list all spells.
Aiming: Ensorcelled Hibernation
Press: ? - help, Shift-Dir - straight line, f - hobgoblin
Aim: a hobgoblin (chance to defeat MR: 79%)
The hobgoblin looks drowsy...
* * * LOW HITPOINT WARNING * * *
You feel sick.
You are too injured to fight recklessly!
The helpless hobgoblin fails to defend itself.
You impale the hobgoblin!!
You kill the hobgoblin!
* * * LOW HITPOINT WARNING * * *
You feel sick.
Drink which item? (? for menu, Esc to quit)
It was a potion of degeneration.
There was something very wrong with that liquid.
You feel weakened.
You feel dopey.
You feel clumsy.
You die...

# ###..###......# #.# #.#.# #
#.#...###.....###.########.#.# #
#.#....##...#.>............#.# #
#.##...###..#.###.##########.# #
#..#....##....# #.# #.#
#.###...###...###.# #.#
#..##....##.......# #.#
#...##..####...#############.#
#...##....###.@))............#
#####.##########†###############
............................#
....############.##########.#
....# #.............# #.# ....#
#.............# #.#
....#####.............# #.#####
....##..............### #.....#
....##..............# #.##.##


There were no monsters in sight!

Vanquished Creatures
  A giant gecko (D:1)
  2 giant cockroaches
  13 goblins
  5 hobgoblins (D:1)
  4 jackals (D:1)
  A bat (D:1)
  A giant newt (D:1)
  2 kobolds (D:1)
  3 rats (D:1)
32 creatures vanquished.

Notes
Turn   | Place    | Note
--------------------------------------------------------------
     0 | D:1      | juanjsm the Spriggan Enchanter began the quest for the Orb.
     0 | D:1      | Reached XP level 1. HP: 9/9 MP: 5/5
   300 | D:1      | Reached XP level 2. HP: 8/13 MP: 2/7
   304 | D:1      | Learned a level 2 spell: Ensorcelled Hibernation
   464 | D:2      | Noticed Robin
  1035 | D:1      | Reached XP level 3. HP: 14/16 MP: 3/8
  1134 | D:1      | Learned a level 3 spell: Confuse
  1384 | D:2      | Reached skill level 5 in Stealth
  1464 | D:1      | Succumbed to Robin's poison

Skill      XL: |  1  2  3 |
---------------+----------+-----
Spellcasting   | 3 |  3.4
Stealth        | 5 |  5.1
Short Blades   | |  1.2
Dodging        | |  3.8
Hexes          | |  3.8
Ice Magic      | |  0.2

Action                   || total
-------------------------++-------
Melee: Dagger            ||    99
 Cast: Corona            ||     7
       Ensorcelled Hiber ||    23
  Use: Potion            ||     1
 Stab: Sleeping          ||    18
Armor: Robe              ||    11
Dodge: Dodged            ||   100
